 Dungeon Crawl Stone Soup version 0.31-a0-640-g39d97e502b (webtiles) character file.

Game seed: 9739996067814469597

912 thirtiethelement the Grave Robber (level 7, 0/40 (48) HPs)
             Began as a Demonspawn Necromancer on Aug 27, 2023.
             Was a Follower of Sif Muna.
             Slain by a wight
             ... wielding a +0 mace
              (1 damage)
             ... on level 6 of the Dungeon.
             The game lasted 00:15:17 (5446 turns).

thirtiethelement the Grave Robber (DsNe)            Turns: 5446, Time: 00:15:17

HP:   0/40 (48)     AC:  8    Str:  8    XL:     7   Next: 82%
MP:   6/15          EV: 12    Int: 19    God:    Sif Muna [*.....]
Gold: 71            SH:  0    Dex: 19    Spells: 6/16 levels left

rFire   + . .        d - +0 dagger
rCold   . . .        (no shield)
rNeg    . . .        p - +1 leather armour {rF+}
rPois   .            (helmet restricted)
rElec   .            e - +0 cloak
rCorr   .            (no gloves)
SInv    +            a - +0 pair of boots
Will    .....        (no amulet)
Stlth   ++           t - ring of see invisible
HPRegen 0.26/turn    x - +6 ring of dexterity
MPRegen 0.14/turn

%: no passive effects
@: heavily drained
A: hooves 1, yellow scales 1, powered by death 1, powered by pain 1, horns 1,
teleportitis 1, subdued magic 1
a: Renounce Religion, Channel Magic


You were on level 6 of the Dungeon.
You worshipped Sif Muna.
Sif Muna was aware of your devotion.
You visited 1 branch of the dungeon, and saw 6 of its levels.

You collected 282 gold pieces.
You spent 211 gold pieces at shops.

Inventory:

Hand Weapons
 d - a +0 dagger (weapon)
Missiles
 i - 4 poisoned darts (quivered)
 l - 3 curare-tipped darts
Armour
 a - a +0 pair of boots (worn)
 e - a +0 cloak (worn)
 p - a +1 leather armour of fire resistance (worn)
Jewellery
 k - a ring of flight
 t - a ring of see invisible (left hand)
 x - a +6 ring of dexterity (right hand)
Wands
 j - a wand of digging (7)
Scrolls
 c - a scroll of noise {unknown}
 f - 2 scrolls of enchant weapon {unknown}
 h - a scroll of fog {unknown}
 m - 3 scrolls of poison
 n - 2 scrolls of teleportation
 o - a scroll of amnesia
 s - 6 scrolls of identify {unknown}
 w - a scroll of revelation {unknown}
 y - a scroll of vulnerability {unknown}
Potions
 b - a potion of magic
 g - 2 potions of heal wounds
 q - a potion of cancellation {unknown}
 r - a potion of invisibility {unknown}
 u - 3 potions of curing {unknown}
 v - a potion of resistance {unknown}
 z - a potion of degeneration {unknown}


   Skills:
 + Level 1.3 Fighting
 + Level 0.6 Short Blades
 + Level 0.2 Throwing
 + Level 2.2 Armour
 + Level 2.7 Dodging
 + Level 2.7 Stealth
 + Level 5.4 Spellcasting
 + Level 7.1 Necromancy


You had 6 spell levels left.
You knew the following spells:

 Your Spells              Type           Power      Damage    Failure   Level
a - Necrotise             Necr           96%        1d8       1%          1
b - Vampiric Draining     Necr           24%        2d7       1%          3
c - Animate Dead          Necr           24%        N/A       7%          4
d - Cigotuvi's Dreadful   Necr/Pois/Air  20%        N/A       8%          2

Your spell library contained the following spells:

 Spells                   Type           Power      Damage    Failure   Level
 Agony                    Necr           24%        N/A       21%         5
 Ignite Poison            Fire/Tmut/Pois 3%         N/A       41%         3
 Freezing Cloud           Conj/Ice/Air   1%         6-21      99%         5


Dungeon Overview and Level Annotations

Branches:
Dungeon (6/15)
 Temple: D:4-7

Altars:
Gozag
Sif Muna

Shops:
D:3 ?(*[

Annotations:
D:5 3 runed translucent doors, SecretSquirrel's ghost, novice TrSh; bahustanut's ghost, novice OpSh


Innate Abilities, Weirdness & Mutations

You have large cloven feet.
You are partially covered in yellow scales. (AC +2)
You regenerate a little health from kills.
You sometimes gain a little power by taking damage.
You have a pair of small horns on your head.
You are occasionally teleported next to monsters.
Your spells are a little easier to cast, but a little less powerful.


Message History

Your adder skeleton barely misses the wight.
The adder barely misses you.
Casting: Vampiric Draining (safe; 1% risk of failure)
Confirm with . or Enter, or press ? or * to list all spells.
Aiming: Vampiric Draining (safe; 1% risk of failure)
Press: ? - help, Shift-Dir - straight line, f/p - adder
Aim: an adder (severely wounded)
You draw life force from the adder!
You kill the adder!
Sif Muna accepts your kill.
You feel life coursing into your body.
The wight hits you from afar with a +1 halberd of protection.
You feel drained. The wight hits you with a +3 mace.
You feel drained. The wight completely misses you.
Your adder skeleton barely misses the wight.
You swap places.
The wight hits you but does no damage.
The wight hits your adder skeleton with a +0 mace!
Your adder skeleton bites the wight but does no damage.
You hit the wight but do no damage. Your headbutt misses the wight.
The wight is moderately damaged.
The wight hits you with a +3 mace.
You feel drained.
The wight hits your adder skeleton with a +0 mace!
Your adder skeleton is destroyed!
You hit the wight but do no damage.
The wight is moderately damaged.
The wight misses you.
You barely miss the wight. Your headbutt misses the wight.
The wight is moderately damaged.
The wight misses you. The wight hits you with a +3 mace.
You feel drained.
You hit the wight but do no damage.
The wight is moderately damaged.
The wight hits you from afar with a +1 halberd of protection!
* * * LOW HITPOINT WARNING * * *
The wight completely misses you. The wight attacks as it pursues you!
The wight misses you. The wight attacks as it pursues you!
The wight closely misses you. The wight attacks as it pursues you!
The wight hits you with a +0 mace.
* * * LOW HITPOINT WARNING * * *
You feel drained.
You die...

#.#.# #........
####.#.#####.######.#
.....................
######.#####..#####.#
#.# #..# #.#.#
#.#####..# #.#.###
#.#<.....# #.#...#
#.#####.######.#.#.#
#.# #....@z......#
#.# ########z#.....
#.#.###... #.z.......
###.####.# ... ##..#
.## #


You could see 2 wights.

Vanquished Creatures
  An ice beast (D:5)
  2 centaurs (D:5)
  A phantom (D:4)
  A scorpion (D:5)
  A hound (D:4)
  2 sleepcaps
  2 iguanas
  2 orc wizards (D:4)
  7 adders
  3 dart slugs
  3 worms
  4 orcs
  7 ball pythons
  4 endoplasms
  8 giant cockroaches
  6 goblins
  4 hobgoblins
  5 jackals
  4 kobolds
  4 quokkas
  5 bats
  6 frilled lizards
  6 rats
88 creatures vanquished.

Vanquished Creatures (collateral kills)
  A water moccasin (D:5)
  A jelly (D:5)
  A sleepcap (D:5)
  A shadow imp (D:5)
  2 endoplasms (D:2)
  A giant cockroach (D:1)
  A ball python (D:1)
  A frilled lizard (D:2)
  A rat (D:1)
10 creatures vanquished.

Grand Total: 98 creatures vanquished

Notes
Turn   | Place    | Note
-------+----------+-------------------------------------------
     0 | D:1      | thirtiethelement the Demonspawn Necromancer began the quest
                  | for the Orb.
     0 | D:1      | Reached XP level 1. HP: 13/13 MP: 3/3
   221 | D:1      | Gained mutation: You sometimes gain a little power by
                  | taking damage. [demonic ancestry]
   221 | D:1      | Reached XP level 2. HP: 19/19 MP: 3/5
   779 | D:2      | Reached skill level 5 in Necromancy
   779 | D:2      | Gained mutation: You regenerate a little health from kills.
                  | [demonic ancestry]
   779 | D:2      | Reached XP level 3. HP: 17/24 MP: 4/6
  1427 | D:2      | Learned a level 3 spell: Vampiric Draining
  1702 | D:3      | Found Rifizac's Magic Scroll Emporium.
  1707 | D:3      | Bought a scroll of teleportation for 33 gold pieces
  1707 | D:3      | Bought a scroll of amnesia for 44 gold pieces
  1707 | D:3      | Bought a scroll of poison for 44 gold pieces
  1772 | D:3      | Gained mutation: You have large cloven feet. [demonic
                  | ancestry]
  1772 | D:3      | Reached XP level 4. HP: 27/30 MP: 5/8
  1856 | D:3      | Found a shimmering blue altar of Sif Muna.
  1862 | D:3      | Became a worshipper of Sif Muna the Loreminder
  2092 | D:3      | Found an opulent altar of Gozag.
  2308 | D:3      | Found Livvuru's Antique Armour Shoppe.
  2379 | D:3      | Found Voferghae's Assorted Antiques.
  2398 | D:3      | Found Oshirph's Weapon Shoppe.
  2398 | D:3      | Noticed a +0 triple sword
  2400 | D:3      | Noticed a +0 triple sword
  2430 | D:3      | Bought a dyed leather armour for 90 gold pieces
  2906 | D:4      | Gained mutation: You are partially covered in yellow
                  | scales. (AC +2) [demonic ancestry]
  2906 | D:4      | Reached XP level 5. HP: 36/36 MP: 4/9
  3362 | D:4      | Reached skill level 6 in Necromancy
  3630 | D:4      | Noticed a phantom
  3708 | D:4      | Gained mutation: You are frail. (-10% HP) [potion of
                  | mutation]
  3711 | D:4      | Killed a phantom
  3712 | D:4      | Reached skill level 1 in Armour
  3712 | D:4      | Reached XP level 6. HP: 29/37 MP: 10/12
  3712 | D:4      | Lost mutation: You are frail. (-10% HP) [potion of
                  | mutation]
  3712 | D:4      | Gained mutation: You are clumsy. (Dex -2) [potion of
                  | mutation]
  3713 | D:4      | Lost mutation: You are clumsy. (Dex -2) [potion of
                  | mutation]
  3713 | D:4      | Gained mutation: Your mind is acute. (Int +4, Str/Dex -1)
                  | [potion of mutation]
  3713 | D:4      | Gained mutation: You are somewhat resistant to further
                  | mutation. [potion of mutation]
  3714 | D:4      | Lost mutation: You are somewhat resistant to further
                  | mutation. [potion of mutation]
  3714 | D:4      | Lost mutation: Your mind is acute. (Int +4, Str/Dex -1)
                  | [potion of mutation]
  3714 | D:4      | Gained mutation: You have a pair of small horns on your
                  | head. [potion of mutation]
  3714 | D:4      | Gained mutation: You are occasionally teleported next to
                  | monsters. [potion of mutation]
  3714 | D:4      | Gained mutation: Your spells are a little easier to cast,
                  | but a little less powerful. [potion of mutation]
  3860 | D:4      | Learned a level 4 spell: Animate Dead
  3916 | D:4      | Learned a level 2 spell: Cigotuvi's Dreadful Rot
  4031 | D:5      | Entered Level 5 of the Dungeon
  4048 | D:5      | Reached skill level 1 in Fighting
  4431 | D:5      | Reached XP level 7. HP: 35/48 MP: 4/13
  4616 | D:5      | Reached * piety under Sif Muna
  4734 | D:5      | Found a runed translucent gate.
  4734 | D:5      | Found a runed translucent gate.
  4734 | D:5      | Found a runed translucent gate.
  4738 | D:5      | Noticed bahustanut's ghost (novice OpSh)
  4738 | D:5      | Noticed SecretSquirrel's ghost (novice TrSh)
  4767 | D:5      | Reached skill level 5 in Spellcasting
  4956 | D:5      | Reached skill level 7 in Necromancy
  5446 | D:6      | HP: 1/42 [wight/+0 mace (3)]
  5446 | D:6      | Slain by a wight

Illustrated notes

Levels and vault maps discovered:
D:1:      scummos_arrival_hexagon, layout_rooms, nrook_loot_triangle
D:2:      layout_rooms, minmay_door_square, minmay_cupped
D:3:      layout_basic, mainiacjoe_overflow_alcove_1, kennysheep_orc_sif_temple,
          serial_shops, nicolae_shop_hallway_plus, nicolae_shop_mannequins,
          shop, nicolae_shop_trees
D:4:      layout_basic, mainiacjoe_overflow_alcove_2, roderic_serpentine_path
D:5:      layout_gridville, gammafunk_ghost_cemetery
D:6:      layout_basic, lemuel_doored_altar,
          minmay_temple_entry_drinking_statues

Skill      XL: |  1  2  3  4  5  6  7 |
---------------+----------------------+-----
Dodging        | 2 |  2.7
Necromancy     | 5 6 7 |  7.1
Stealth        | 2 |  2.7
Spellcasting   | 3 4 5 |  5.4
Armour         | 1 2 |  2.2
Fighting       | 1 |  1.3
Short Blades   | |  0.6
Throwing       | |  0.2

Action                     |  1- 3 |  4- 6 |  7- 9 || total
---------------------------+-------+-------+-------++-------
  Melee: Unarmed           |     1 |       |       ||     1
         Dagger            |    26 |    98 |    33 ||   157
         Kick              |       |     2 |       ||     2
         Headbutt          |       |     1 |    11 ||    12
         Punch             |       |       |     1 ||     1
  Throw: Dart              |     4 |       |       ||     4
   Cast: Necrotise         |    64 |    84 |    13 ||   161
         Vampiric Draining |       |    10 |    10 ||    20
         Animate Dead      |       |     1 |       ||     1
    Use: Potion            |       |     5 |       ||     5
   Stab: Sleeping          |     5 |     1 |     1 ||     7
         Distracted        |       |     1 |       ||     1
 Armour: Robe              |     9 |       |       ||     9
         Leather armour    |       |    49 |    21 ||    70
  Dodge: Dodged            |    33 |    64 |    30 ||   127

Table legend: (Time is in decaauts)
 A = Elapsed time spent in this place.
 B = Non-inter-level travel time spent in this place.
 C = Inter-level travel time spent in this place.
 D = Time resting spent in this place.
 E = Time spent auto-exploring this place.
 F = Levels seen in this place.
 G = Mean time per level.
                   A        B        C        D        E       F      G
               +--------+--------+--------+--------+--------+-----+--------+
         Total |   5446 |   5259 |    187 |      0 |   4453 |   6 |  907.7 |
       Dungeon |   5446 |   5259 |    187 |      0 |   4453 |   6 |  907.7 |
               +--------+--------+--------+--------+--------+-----+--------+

Top non-repeatable levels by time:
     D:4: 1373 daAuts
     D:5: 1349 daAuts
     D:3: 1054 daAuts
     D:2: 897 daAuts
     D:1: 708 daAuts
     D:6: 62 daAuts
